 Dungeon Crawl Stone Soup version 0.21.1-1-g345015fe64 (webtiles) character file.

2860 Oravi the Transmogrifier (level 9, -6/69 HPs)
             Began as a Merfolk Transmuter on May 3, 2018.
             Was an Initiate of Okawaru.
             Mangled by a wight
             ... wielding a +4 halberd
              (20 damage)
             ... on level 8 of the Dungeon.
             The game lasted 00:24:37 (7427 turns).

Oravi the Transmogrifier (Merfolk Transmuter)       Turns: 7427, Time: 00:24:37

Health: -6/69      AC:  2    Str: 10    XL:     9   Next: 75%
Magic:  13/18      EV: 25    Int: 15    God:    Okawaru [......]
Gold:   307        SH:  0    Dex: 20    Spells: 4/18 levels left

rFire    . . .     SeeInvis .     - Unarmed
rCold    . . .     Gourm    .   (shield currently unavailable)
rNeg     . . .     Faith    .   (armour currently unavailable)
rPois    x         Spirit   .   (helmet currently unavailable)
rElec    .         Reflect  .   (cloak currently unavailable)
rCorr    .         Harm     .   (gloves currently unavailable)
MR       .....                  (boots currently unavailable)
Stlth    ++........             (no amulet)
HPRegen  0.21/turn              (no ring)
MPRegen  0.16/turn              (no ring)

@: spider-form, very slightly contaminated, heavily drained
A: tiny, (change form in water), (swift swim), (stealthy swim), high mp 1, sense
surroundings 1
a: End Transformation, Renounce Religion


You were on level 8 of the Dungeon.
You worshipped Okawaru.
Okawaru was noncommittal.
You were hungry.
You were a venomous arachnid creature.
You visited 2 branches of the dungeon, and saw 9 of its levels.
You also visited: Sewer.

You collected 307 gold pieces.

Inventory:

Missiles
 a - 127 arrows
Armour
 b - a +1 robe (melded)
 o - the +1 ring mail of the Desert {Slay+3, unknown}
   (You found it on level 4 of the Dungeon)

   It affects your accuracy and damage with ranged weapons and melee attacks
   (+3).
Magical Staves
 w - an uncursed staff of earth {unknown}
Wands
 k - a wand of random effects (25)
Scrolls
 n - 4 scrolls of teleportation
 r - 3 scrolls of blinking
 t - a scroll of enchant armour
 v - a scroll of remove curse
 x - a scroll of identify
Potions
 e - a potion of haste
 f - 2 potions of flight
 g - 4 potions of lignification
 i - a potion of mutation
 j - a potion of resistance
 l - 2 potions of invisibility
 m - 5 potions of heal wounds
 p - a potion of brilliance {unknown}
 q - a potion of magic {unknown}
 s - 2 potions of might {unknown}
 u - a potion of curing
Books
 c - a book of Changes

   Spells                             Type                      Level
   a - Beastly Appendage              Transmutation                1
   b - Sticks to Snakes               Transmutation                2
   c - Spider Form                    Transmutation/Poison         3
   d - Ice Form                       Ice/Transmutation            4
   e - Blade Hands                    Transmutation                5
Comestibles
 d - 13 rations


   Skills:
 + Level 6.0(4.4) Fighting
 + Level 7.6(5.9) Dodging
 + Level 7.5(5.9) Unarmed Combat
 + Level 5.3(3.7) Spellcasting
 + Level 8.5(6.8) Transmutations
 + Level 0.7(0.0) Ice Magic
 - Level 2.0(0.6) Poison Magic


You had 4 spell levels left.
You knew the following spells:

 Your Spells              Type           Power        Failure   Level  Hunger
a - Spider Form           Tmut/Pois      ##........   28%         3    ###....
b - Sticks to Snakes      Tmut           ###.....     7%          2    ##.....
c - Ice Form              Ice/Tmut       ##......     63%         4    ####...
d - Blade Hands           Tmut           ###.......   52%         5    ######.


Dungeon Overview and Level Annotations

Branches:
Dungeon (8/15)             Temple (1/1) D:7
   Lair: D:8-11

Altars:
Ashenzari
Cheibriados
Dithmenos
Elyvilon
Fedhas
Gozag
Kikubaaqudgha
Makhleb
Nemelex Xobeh
Okawaru
Qazlal
Ru
Trog
Uskayaw
Vehumet
Wu Jian
Xom
Yredelemnul
Zin


Innate Abilities, Weirdness & Mutations

((You revert to your normal form in water.))
((You are very nimble and swift while swimming.))
((You are very stealthy in the water. (Stealth+)))
((You have a pair of small antennae on your head.))
((Your flesh is heat resistant. (rF+)))
You have an increased reservoir of magic. (+10% MP)
You passively map a small area around you.


Message History

You hit the wight.
The wight is severely damaged.
The wight misses you. The wight closely misses you.
You hit the wight but do no damage.
The wight is severely damaged.
The wight closely misses you.
The wight hits you with an enchanted halberd.
You feel drained. The wight misses you.
The wight hits you with a hand axe of freezing.
You feel drained. The wight freezes you.
* * * LOW HITPOINT WARNING * * *
You barely miss the wight.
The wight is severely damaged.
The wight closely misses you.
The wight hits you with a short sword of freezing.
* * * LOW HITPOINT WARNING * * *
You feel drained. The wight freezes you.
* * * LOW HITPOINT WARNING * * *
The wight hits you with an enchanted halberd!!
You die...

#.. ,{ #############
............# ###########..#
* * , ,#.#.## * ,, . * **
#.##.. * *, ,.., * * #.##..##
##### ... ,
,#.##.#z#.....#### .... * *
#,#.##.#sz##.z..........
,#####.#.....zz........z.....
,
.......))............†......
#####.#.##.#.#####.#.##.####
,,.................## *
*###.#.##.#.......## * *
...#.##.######...# ** ,
###*#.##.# .##.# ,, , ,
#.##.# , .# #^# *


You could see 4 wights.

Vanquished Creatures
  A hornet (D:7)
  Prince Ribbit (D:6)
  A hungry ghost (D:7)
  Edmund (D:6)
  3 sky beasts
  An ice beast (D:5)
  2 orc warriors (D:7)
  2 ogres
  4 centaurs
  A bullfrog (D:7)
  3 killer bees (D:7)
  A howler monkey (D:3)
  4 crimson imps
  3 hounds
  3 orc wizards
  An orc priest (D:5)
  Jessica (D:2)
  A bullfrog skeleton (D:5)
  2 iguanas
  5 worker ants
  8 gnolls (D:6)
  17 adders
  A river rat (D:4)
  An ooze (D:4)
  8 worms
  3 dart slugs
  8 leopard geckos
  20 orcs
  3 giant cockroaches
  4 goblins
  4 hobgoblins
  22 jackals
  2 quokkas
  5 ball pythons
  4 bats
  9 frilled lizards
  12 kobolds
  A leopard gecko zombie (D:5)
  8 rats
  2 plants (Sewer)
183 creatures vanquished.

Notes
Turn   | Place    | Note
-------+----------+-------------------------------------------
     0 | D:1      | Oravi the Merfolk Transmuter began the quest for the Orb.
     0 | D:1      | Reached XP level 1. HP: 15/15 MP: 3/3
   224 | D:1      | Reached skill level 3 in Transmutations
   328 | D:1      | Reached XP level 2. HP: 15/21 MP: 5/5
   798 | D:2      | Noticed Jessica
   860 | D:2      | Found a shimmering altar of Xom.
   860 | D:2      | Found a shimmering altar of Xom.
   860 | D:2      | Found a shimmering altar of Xom.
  1140 | D:1      | Reached XP level 3. HP: 22/26 MP: 3/6
  1148 | D:1      | Learned a level 2 spell: Sticks to Snakes
  1152 | D:1      | Learned a level 3 spell: Spider Form
  1183 | D:2      | Found a shimmering altar of Xom.
  1183 | D:2      | Found a shimmering altar of Xom.
  1183 | D:2      | Found a shimmering altar of Xom.
  1301 | D:1      | Reached skill level 4 in Transmutations
  1312 | D:2      | Killed Jessica
  1312 | D:2      | Reached XP level 4. HP: 31/32 MP: 3/7
  1804 | D:2      | Gained mutation: You have a pair of small antennae on your head. [potion of mutation]
  1804 | D:2      | Gained mutation: You passively map a small area around you. [potion of mutation]
  1804 | D:2      | Gained mutation: You have an increased reservoir of magic. (+10% MP) [potion of mutation]
  1804 | D:2      | Gained mutation: Your flesh is heat resistant. (rF+) [potion of mutation]
  1985 | D:3      | Reached XP level 5. HP: 22/37 MP: 1/9
  2301 | D:3      | Reached skill level 1 in Poison Magic
  2528 | D:4      | Reached skill level 5 in Transmutations
  2528 | D:4      | Reached XP level 6. HP: 32/44 MP: 7/10
  2558 | D:4      | Got a jewelled ring mail
  2804 | D:4      | Reached skill level 5 in Unarmed Combat
  2869 | D:4      | Found a glowing drain.
  2874 | Sewer    | Entered a sewer
  3679 | D:4      | Found an opulent altar of Gozag.
  3858 | D:5      | Entered Level 5 of the Dungeon
  3948 | D:5      | Noticed an ice beast
  3963 | D:5      | Killed an ice beast
  3963 | D:5      | Reached XP level 7. HP: 5/51 MP: 10/12
  4641 | D:5      | Reached skill level 6 in Transmutations
  4924 | D:6      | Reached skill level 5 in Dodging
  4933 | D:6      | Reached XP level 8. HP: 45/58 MP: 11/14
  5043 | D:6      | Noticed Edmund
  5056 | D:6      | Killed Edmund
  5126 | D:6      | Noticed Prince Ribbit
  5231 | D:6      | Killed Prince Ribbit
  5231 | D:6      | Reached skill level 7 in Transmutations
  5800 | D:7      | Reached XP level 9. HP: 67/67 MP: 14/17
  5809 | D:7      | Found a white marble altar of Elyvilon.
  5834 | D:7      | Reached skill level 5 in Fighting
  6238 | D:7      | Found a staircase to the Ecumenical Temple.
  6241 | D:7      | Noticed a hornet
  6245 | Temple   | Entered the Ecumenical Temple
  6249 | Temple   | Reached skill level 8 in Transmutations
  6365 | Temple   | Became a worshipper of Warmaster Okawaru
  6409 | D:7      | Paralysed by a hornet for 1 turns
  6411 | D:7      | Killed a hornet
  6411 | D:7      | Reached skill level 5 in Spellcasting
  7271 | D:7      | Learned a level 4 spell: Ice Form
  7277 | D:7      | Learned a level 5 spell: Blade Hands
  7427 | D:8      | Mangled by a wight

Skill      XL: |  1  2  3  4  5  6  7  8  9 |
---------------+----------------------------+-----
Transmutations | 3 4 5 6 7 8 |  8.5
Unarmed Combat | 4 5 6 7 |  7.5
Dodging        | 3 4 5 6 7 |  7.6
Poison Magic   | 1 2 |  2.0
Fighting       | 2 3 4 6 |  6.0
Spellcasting   | 3 4 5 |  5.3
Ice Magic      | |  0.7

Action                   |  1- 3 |  4- 6 |  7- 9 || total
-------------------------+-------+-------+-------++-------
Melee: Unarmed           |    75 |   348 |   284 ||   707
       Headbutt          |     6 |       |       ||     6
       Punch             |     2 |       |     1 ||     3
       Tailslap          |       |    10 |       ||    10
 Cast: Beastly Appendage |    12 |       |       ||    12
       Spider Form       |     3 |    37 |    37 ||    77
  Use: Scroll            |       |    16 |     3 ||    19
       Potion            |       |     1 |     3 ||     4
 Stab: Sleeping          |       |     3 |     1 ||     4
  Eat: Chunk             |     2 |    14 |    15 ||    31
Armor: Robe              |    12 |     5 |     3 ||    20
       Skin              |     1 |     9 |     7 ||    17
Dodge: Dodged            |    76 |   192 |   250 ||   518
